 Dungeon Crawl Stone Soup version 0.25-a0-413-g3b4b6a4ccc (webtiles) character file.

Game seed: 8744285035316874059, levelgen mode: deterministic

2781 MisterFreud the Magician (level 9, -8/66 HPs)
             Began as a Gnoll Earth Elementalist on Jan 14, 2020.
             Was a Believer of Zin.
             Shot with an arrow by a centaur (11 damage)
             ... on level 7 of the Dungeon.
             The game lasted 00:15:54 (6780 turns).

MisterFreud the Magician (Gnoll Earth Elementalist) Turns: 6780, Time: 00:15:55

Health: -8/66      AC:  4    Str: 10    XL:     9   Next: 70%
Magic:  9/19       EV: 21    Int: 21    God:    Zin [**....]
Gold:   273        SH:  0    Dex: 16    Spells: 15/21 levels left

rFire    . . .     SeeInvis +   F - +4 morningstar
rCold    . . .     Gourm    .   (no shield)
rNeg     . . .     Faith    .   k - +1 robe
rPois    .         Spirit   .   o - +1 hat {SInv}
rElec    .         Reflect  .   (no cloak)
rCorr    .         Harm     .   (no gloves)
MR       +....                  (no boots)
Stlth    +++.......             (no amulet)
HPRegen  0.21/turn              g - ring of protection from magic
MPRegen  0.16/turn              B - +5 ring of evasion

@: lethally poisoned (-8 -> -10)
A: distributed training, fangs 1, strong nose
a: Recite, Vitalisation, Donate Gold, Renounce Religion


You were on level 7 of the Dungeon.
You worshipped Zin.
Zin was pleased with you.
You were not hungry.

You visited 2 branches of the dungeon, and saw 8 of its levels.

You collected 303 gold pieces.
You donated 30 gold pieces to Zin.

Inventory:

Hand Weapons
 e - a +2 dagger of flaming
 h - a +2 dagger of venom
 F - a +4 morningstar (weapon)
 H - a +1 long sword of draining
Missiles
 b - 198 stones
 c - 22 sling bullets
 i - 4 boomerangs (quivered)
 m - 33 bolts
 q - 40 arrows
 s - 10 poisoned darts
 w - 5 atropa-tipped darts
 z - 7 javelins
 J - a throwing net
Armour
 k - a +1 robe (worn)
 o - a +1 hat of see invisible (worn)
Jewellery
 g - a ring of protection from magic (left hand)
 n - an uncursed ring of positive energy
 B - a +5 ring of evasion (right hand)
 L - an uncursed ring of positive energy
Wands
 t - a wand of polymorph (10)
 A - a wand of paralysis (12)
 E - a wand of acid (10)
 I - a wand of enslavement (8)
Scrolls
 x - a scroll of amnesia
 y - a scroll of teleportation
 C - a scroll of fog {unknown}
 G - a scroll of blinking {unknown}
Potions
 a - 5 potions of curing
 f - a potion of might
 j - 4 potions of heal wounds
 l - a potion of flight
 p - a potion of lignification
 r - a potion of haste {unknown}
 u - a potion of mutation {unknown}
 v - a potion of berserk rage {unknown}
 D - a potion of resistance {unknown}
Comestibles
 d - 9 rations
 K - 4 chunks of flesh


   Skills:
 + Level 4.4 Fighting
 + Level 4.4 Short Blades
 + Level 4.4 Long Blades
 + Level 4.4 Axes
 + Level 4.4 Maces & Flails
 + Level 4.4 Polearms
 + Level 4.4 Staves
 + Level 4.4 Slings
 + Level 4.4 Bows
 + Level 4.4 Crossbows
 + Level 4.4 Throwing
 + Level 4.4 Armour
 + Level 6.4 Dodging
 + Level 6.1 Stealth
 + Level 4.4 Shields
 + Level 4.4 Unarmed Combat
 + Level 6.7 Spellcasting
 + Level 3.6 Conjurations
 + Level 3.6 Hexes
 + Level 3.6 Charms
 + Level 3.6 Summonings
 + Level 3.6 Necromancy
 + Level 3.6 Translocations
 + Level 4.3 Transmutations
 + Level 3.6 Fire Magic
 + Level 3.6 Ice Magic
 + Level 3.6 Air Magic
 + Level 6.6 Earth Magic
 + Level 3.6 Poison Magic
 + Level 4.9 Invocations
 + Level 4.4 Evocations


You had 15 spell levels left.
You knew the following spells:

 Your Spells              Type           Power        Failure   Level  Hunger
a - Sandblast             Erth           #####.       1%          1    None
b - Stone Arrow           Conj/Erth      ####..       3%          3    #......
c - Passwall              Tmut/Erth      ####....     1%          2    None

Your spell library contained the following spells:

 Spells                   Type           Power        Failure   Level  Hunger
 Petrify                  Tmut/Erth      ####....     10%         4    ###....
 Lee's Rapid Deconstruct  Erth           #####.....   16%         5    #####..


Dungeon Overview and Level Annotations

Branches:
Dungeon (7/15)             Temple (1/1) D:5

Altars:
Cheibriados
Dithmenos
Elyvilon
Gozag
Hepliaklqana
Kikubaaqudgha
Makhleb
Okawaru
Qazlal
Ru
Sif Muna
Trog
Uskayaw
Vehumet
Wu Jian
Xom
Yredelemnul
Zin
The Shining One

Shops:
D:5 :


Innate Abilities, Weirdness & Mutations

Your experience applies equally to all skills.
You have very sharp teeth.
Your uncanny sense of smell can sniff out nearby items.


Message History

Aim: a centaur, wielding a +0 shortbow and quivering 14 arrows The stone arrow hits the centaur.
The centaur is moderately wounded.
The centaur shoots an arrow.
The arrow hits you!
* * * LOW HITPOINT WARNING * * *
The worker ant bites you.
* * * LOW HITPOINT WARNING * * *
You are poisoned.
The worker ant poisons you!
The centaur shoots an arrow.
The arrow misses you.
Casting: Stone Arrow (safe; 3% risk of failure)
Confirm with . or Enter, or press ? or * to list all spells.
Aiming: Stone Arrow (safe; 3% risk of failure)
Press: ? - help, Shift-Dir - straight line, f/p - centaur
Aim: a centaur, wielding a +0 shortbow and quivering 12 arrows (moderately wounded)
The stone arrow hits the centaur!
The centaur is severely wounded.
* * * LOW HITPOINT WARNING * * *
You feel sick. The worker ant barely misses you.
The centaur shoots an arrow.
The arrow hits you!
You die...

#.. ..#......
....<....####
........c.(.#
....>........
......c..#..#######
#........##........
..........#@....?..
.........(a........
.........(#....⌠...
......##[.##..(....
........(.# .......
.......##..##.......
..
...........###.####
.. ............##.#
.. ..........<..# #


You could see a centaur and a worker ant.

Vanquished Creatures
  Pikel (D:6)
  Grinder (D:4)
  A black bear (D:6)
  2 phantoms (D:7)
  7 ogres
  A crocodile (D:6)
  A bullfrog (D:7)
  2 scorpions
  4 wights (D:5)
  2 howler monkeys
  2 crimson imps
  A jelly (D:5)
  A hound (D:4)
  2 bullfrog skeletons (D:4)
  A centaur skeleton (D:7)
  3 orc priests
  5 orc wizards
  4 worker ants
  A hound zombie (D:7)
  A gnoll (D:6)
  8 adders
  A shadow imp (D:6)
  An adder zombie (D:5)
  3 worms
  3 dart slugs
  8 leopard geckos
  17 orcs
  3 ball pythons
  4 goblins
  3 hobgoblins
  8 jackals
  4 quokkas
  10 bats
  A frilled lizard (D:4)
  8 kobolds
  A quokka zombie (D:6)
  7 rats
133 creatures vanquished.

Vanquished Creatures (others)
  A slave (D:6)
  A bullfrog (D:6)
  A hound (D:6)
  An orc priest (D:6)
  3 gnolls (D:6)
  A howler monkey skeleton (D:6)
  3 orcs (D:6)
11 creatures vanquished.

Grand Total: 144 creatures vanquished

Notes
Turn   | Place    | Note
-------+----------+-------------------------------------------
     0 | D:1      | MisterFreud the Gnoll Earth Elementalist began the quest
                  | for the Orb.
     0 | D:1      | Reached XP level 1. HP: 13/13 MP: 6/6
   123 | D:1      | Reached XP level 2. HP: 11/19 MP: 5/7
   781 | D:2      | Reached XP level 3. HP: 25/25 MP: 9/9
   836 | D:2      | Reached skill level 5 in Spellcasting
   841 | D:2      | Learned a level 3 spell: Stone Arrow
  1366 | D:2      | Found an opulent altar of Gozag.
  1532 | D:2      | Reached skill level 1 in Invocations
  1988 | D:3      | Reached skill level 1 in Fighting
  1988 | D:3      | Reached skill level 1 in Short Blades
  1988 | D:3      | Reached skill level 1 in Long Blades
  1988 | D:3      | Reached skill level 1 in Axes
  1988 | D:3      | Reached skill level 1 in Maces & Flails
  1988 | D:3      | Reached skill level 1 in Polearms
  1988 | D:3      | Reached skill level 1 in Staves
  1988 | D:3      | Reached skill level 1 in Slings
  1988 | D:3      | Reached skill level 1 in Bows
  1988 | D:3      | Reached skill level 1 in Crossbows
  1988 | D:3      | Reached skill level 1 in Throwing
  1988 | D:3      | Reached skill level 1 in Armour
  1988 | D:3      | Reached skill level 1 in Shields
  1988 | D:3      | Reached skill level 1 in Unarmed Combat
  1988 | D:3      | Reached skill level 1 in Evocations
  1988 | D:3      | Reached XP level 4. HP: 24/32 MP: 11/11
  2541 | D:3      | Reached skill level 1 in Conjurations
  2541 | D:3      | Reached skill level 1 in Hexes
  2541 | D:3      | Reached skill level 1 in Charms
  2541 | D:3      | Reached skill level 1 in Summonings
  2541 | D:3      | Reached skill level 1 in Necromancy
  2541 | D:3      | Reached skill level 1 in Translocations
  2541 | D:3      | Reached skill level 1 in Fire Magic
  2541 | D:3      | Reached skill level 1 in Ice Magic
  2541 | D:3      | Reached skill level 1 in Air Magic
  2541 | D:3      | Reached skill level 1 in Poison Magic
  2541 | D:3      | Reached XP level 5. HP: 27/37 MP: 12/12
  3057 | D:3      | Learned a level 2 spell: Passwall
  3058 | D:4      | Noticed an ogre
  3062 | D:4      | Killed an ogre
  3163 | D:4      | Noticed Grinder
  3172 | D:4      | Paralysed by Grinder for 2 turns
  3178 | D:4      | Killed Grinder
  3178 | D:4      | Reached skill level 5 in Dodging
  3178 | D:4      | Reached XP level 6. HP: 26/44 MP: 0/14
  3368 | D:4      | Reached XP level 7. HP: 39/50 MP: 15/15
  3900 | D:4      | Reached skill level 5 in Stealth
  4063 | D:5      | Entered Level 5 of the Dungeon
  4063 | D:5      | Found Foduf's Book Emporium.
  4145 | D:5      | Reached XP level 8. HP: 12/57 MP: 13/16
  5284 | D:6      | Noticed Pikel
  5298 | D:6      | Killed Pikel
  5298 | D:6      | Reached XP level 9. HP: 25/65 MP: 10/18
  6015 | D:5      | Found a staircase to the Ecumenical Temple.
  6024 | Temple   | Entered the Ecumenical Temple
  6069 | Temple   | Became a worshipper of Zin the Law-Giver
  6069 | Temple   | Reached * piety under Zin
  6372 | D:6      | Reached ** piety under Zin
  6780 | D:7      | HP: 3/66 [poisoned by a worker ant]
  6780 | D:7      | Shot with an arrow by a centaur

Levels and vault maps discovered:
D:1:      evilmike_arrival_sounds_zot, layout_basic
D:2:      layout_loops_ring, nicolae_overflow_hidden_temple, first_ration
D:3:      layout_loops_ring
D:4:      minmay_bubble_buster, layout_cave_pools, corexii_leaking_fountain,
          uniq_grinder
D:5:      layout_rooms, minmay_temple_entry_enclosed_plants, serial_shops, shop
D:6:      layout_rooms, chequers_serial_rivers_micro_c, uniq_pikel
D:7:      layout_cave_pools, the_bakery, solitary_fountain,
          minmay_misc_feat_plants, grunt_dithmenos_smoke_and_mirrors
Temple:   nicolae_temple_the_god_donut

Skill      XL: |  1  2  3  4  5  6  7  8  9 |
---------------+----------------------------+-----
Transmutations | 2 3 4 |  4.3
Spellcasting   | 5 6 |  6.7
Invocations    | 1 2 3 4 |  4.9
Fighting       | 1 2 4 |  4.4
Short Blades   | 1 2 4 |  4.4
Long Blades    | 1 2 4 |  4.4
Axes           | 1 2 4 |  4.4
Maces & Flails | 1 2 4 |  4.4
Polearms       | 1 2 4 |  4.4
Staves         | 1 2 4 |  4.4
Slings         | 1 2 4 |  4.4
Bows           | 1 2 4 |  4.4
Crossbows      | 1 2 4 |  4.4
Throwing       | 1 2 4 |  4.4
Armour         | 1 2 4 |  4.4
Shields        | 1 2 4 |  4.4
Unarmed Combat | 1 2 4 |  4.4
Evocations     | 1 2 4 |  4.4
Conjurations   | 1 2 3 |  3.6
Hexes          | 1 2 3 |  3.6
Charms         | 1 2 3 |  3.6
Summonings     | 1 2 3 |  3.6
Necromancy     | 1 2 3 |  3.6
Translocations | 1 2 3 |  3.6
Fire Magic     | 1 2 3 |  3.6
Ice Magic      | 1 2 3 |  3.6
Air Magic      | 1 2 3 |  3.6
Poison Magic   | 1 2 3 |  3.6
Dodging        | 5 6 |  6.4
Stealth        | 5 6 |  6.1
Earth Magic    | 6 |  6.6

Action                   |  1- 3 |  4- 6 |  7- 9 || total
-------------------------+-------+-------+-------++-------
Melee: Unarmed           |    14 |       |       ||    14
       Dagger            |    76 |    55 |   262 ||   393
       Bite              |     5 |     4 |    23 ||    32
       Punch             |     1 |     1 |     7 ||     9
       Morningstar       |       |       |    71 ||    71
       Long sword        |       |       |     5 ||     5
 Cast: Sandblast         |     7 |     4 |    19 ||    30
       Stone Arrow       |     4 |     5 |    31 ||    40
  Use: Scroll            |     8 |     3 |     5 ||    16
 Stab: Sleeping          |     7 |     2 |     5 ||    14
       Distracted        |       |     1 |     1 ||     2
  Eat: Chunk             |     4 |     4 |     9 ||    17
       Ration            |       |       |     1 ||     1
Armor: Robe              |     8 |     1 |    42 ||    51
Dodge: Dodged            |    65 |    39 |   232 ||   336
       Rpst.: Long sword |       |       |     2 ||     2

Table legend:
 A = Non-vault XP
 B = Vault XP
 C = Vault XP percentage of total XP
 D = Non-vault monster count
 E = Vault monster count
 F = Vault count percentage of total count
                 A         B        C        D         E       F
            +---------+---------+-------+---------+---------+-------
      Total |    2681 |    1292 |  32.5 |     124 |       9 |   6.8
            +---------+---------+-------+---------+---------+-------
        D:1 |      31 |       0 |   0.0 |      18 |       0 |   0.0
        D:2 |      27 |       0 |   0.0 |      12 |       0 |   0.0
        D:3 |     116 |       0 |   0.0 |      20 |       0 |   0.0
        D:4 |     438 |     574 |  56.7 |      17 |       8 |  32.0
        D:5 |     934 |       0 |   0.0 |      33 |       0 |   0.0
        D:6 |     602 |     718 |  54.4 |      14 |       1 |   6.7
        D:7 |     533 |       0 |   0.0 |      10 |       0 |   0.0
            +---------+---------+-------+---------+---------+-------
